 Dungeon Crawl Stone Soup version 0.28.0-45-g0d030f2227 (webtiles) character file.

Game seed: 402353113490980256

445 issech the Cudgeller (level 6, -3/52 (61) HPs)
             Began as a Troll Monk on Apr 24, 2022.
             Slain by a gnoll shaman
             ... wielding a +0 whip of draining
              (9 damage)
             ... on level 4 of the Dungeon.
             The game lasted 00:15:17 (3416 turns).

issech the Cudgeller (Troll Monk)                   Turns: 3416, Time: 00:15:17

HP:   -3/52 (61)    AC:  4    Str: 20    XL:     6   Next: 72%
MP:   5/5           EV: 11    Int:  6    God:
Gold: 86            SH:  0    Dex: 14    Spells: 5/5 levels left

rFire   . . .      SeeInvis .   a - +0 mace
rCold   . . .      Faith    .   (no shield)
rNeg    . . .      Spirit   .   b - +0 robe
rPois   .          Reflect  .   (helmet restricted)
rElec   .          Harm     .   (no cloak)
rCorr   .          Rampage  .   (gloves unavailable)
Will    .....                   (boots unavailable)
Stlth   ++........              q - amulet of the acrobat
HPRegen 0.97/turn               (no ring)
MPRegen 0.09/turn               (no ring)

@: heavily drained
A: large, unfitting armour, claws 3, regeneration 1, shaggy fur 1, tough skin 1
a: no special abilities


You were on level 4 of the Dungeon.
You visited 1 branch of the dungeon, and saw 4 of its levels.

You collected 86 gold pieces.

Inventory:

Hand Weapons
 a - a +0 mace (weapon)
 o - a +0 arbalest
Missiles
 h - 26 sling bullets
 i - 61 stones (quivered)
 r - 20 arrows
Armour
 b - a +0 robe (worn)
 l - a +0 animal skin
 m - a +0 helmet
Jewellery
 q - an amulet of the acrobat (around neck)
Scrolls
 d - 2 scrolls of enchant weapon
 f - a scroll of teleportation
 j - a scroll of vulnerability {unknown}
 k - 2 scrolls of noise
 n - a scroll of fear {unknown}
 p - 2 scrolls of blinking {unknown}
Potions
 c - a potion of flight {unknown}
 g - a potion of heal wounds {unknown}
 s - a potion of curing {unknown}


   Skills:
 + Level 3.6 Fighting
 + Level 5.3 Maces & Flails
 + Level 0.1 Throwing
 + Level 3.5 Dodging
 + Level 1.3 Stealth


You had 5 spell levels left.
You didn't know any spells.
Your spell library was empty.

Dungeon Overview and Level Annotations

Branches:
Dungeon (4/15)
 Temple: D:4-7

Altars:
Cheibriados
Dithmenos
Vehumet
The Shining One

Shops:
D:2 *   D:3 [


Innate Abilities, Weirdness & Mutations

You are too large for most types of armour.
You have claws for hands.
Your natural rate of healing is unusually fast.
You are covered in fur. (AC +1)
You have tough skin. (AC +1)


Message History

You barely miss the goblin. The gnoll hits you but does no damage.
The goblin hits you with a +0 club.
You sock the goblin!
You kill the goblin!
The gnoll closely misses you.
You hit the gnoll shaman but do no damage.
The gnoll hits you but does no damage.
The gnoll shaman hits you with a +0 whip of draining!
You feel drained. The gnoll barely misses you.
You hit the gnoll shaman.
The gnoll shaman is moderately wounded.
The gnoll shaman hits you with a +0 whip of draining.
You feel drained. The gnoll barely misses you.
You barely miss the gnoll shaman.
The gnoll shaman is moderately wounded.
The gnoll shaman hits you with a +0 whip of draining.
You feel drained. The gnoll closely misses you.
You hit the gnoll shaman.
The gnoll shaman is heavily wounded.
The gnoll hits you from afar with a +0 spear.
The gnoll shaman hits you with a +0 whip of draining!
You feel drained.
You hit the gnoll shaman.
The gnoll shaman is severely wounded.
The gnoll hits you but does no damage. The gnoll misses you.
The gnoll shaman hits you with a +0 whip of draining.
You feel drained.
You closely miss the gnoll shaman.
The gnoll shaman is severely wounded.
The gnoll barely misses you.
The gnoll hits you from afar with a +0 spear.
The gnoll shaman hits you with a +0 whip of draining.
* * * LOW HITPOINT WARNING * * *
You feel drained.
* * * LOW HITPOINT WARNING * * *
The gnoll closely misses you.
The gnoll hits you from afar with a +0 spear!
* * * LOW HITPOINT WARNING * * *
The gnoll shaman hits you with a +0 whip of draining!
You die...

#.... #....
#.... ##....
.#..... ####
....... .....
#..ggg##...###
#g@.......
#.#....### ...
.[..... #...
.###### .....
## ###... #...
#...


You could see a gnoll shaman and 3 gnolls.

Vanquished Creatures
  Sigmund (D:3)
  A scorpion (D:3)
  A jelly (D:3)
  An orc priest (D:3)
  Terence (D:3)
  Robin (D:2)
  A gnoll (D:3)
  4 adders
  A worm (D:2)
  3 orcs (D:3)
  8 endoplasms
  2 giant cockroaches
  16 goblins
  8 hobgoblins
  5 jackals
  3 kobolds
  4 quokkas
  7 ball pythons
  4 bats
  A frilled lizard (D:2)
  8 rats
81 creatures vanquished.

Notes
Turn   | Place    | Note
-------+----------+-------------------------------------------
     0 | D:1      | issech the Troll Monk began the quest for the Orb.
     0 | D:1      | Reached XP level 1. HP: 22/22 MP: 0/0
   296 | D:1      | Found a faded altar of an unknown god.
   388 | D:1      | Reached XP level 2. HP: 29/29 MP: 1/1
  1097 | D:2      | Reached skill level 3 in Maces & Flails
  1097 | D:2      | Reached XP level 3. HP: 36/36 MP: 2/2
  1134 | D:2      | Noticed Robin
  1155 | D:2      | Killed Robin
  1233 | D:2      | Reached XP level 4. HP: 42/44 MP: 3/3
  1255 | D:2      | Found Plog's Assorted Antiques.
  1967 | D:3      | Noticed Sigmund
  2192 | D:3      | Reached skill level 4 in Maces & Flails
  2637 | D:3      | Found a glowing golden altar of the Shining One.
  2639 | D:3      | Found a radiant altar of Vehumet.
  2639 | D:3      | Noticed Terence
  2640 | D:3      | Found a shadowy altar of Dithmenos.
  2652 | D:3      | Killed Terence
  2653 | D:3      | Reached XP level 5. HP: 31/52 MP: 4/4
  2808 | D:3      | Found Ytwieqi's Antique Armour Boutique.
  3032 | D:3      | Found a snail-covered altar of Cheibriados.
  3072 | D:3      | Killed Sigmund
  3073 | D:3      | Reached skill level 5 in Maces & Flails
  3073 | D:3      | Reached XP level 6. HP: 49/61 MP: 5/5
  3416 | D:4      | Slain by a gnoll shaman

Illustrated notes

Levels and vault maps discovered:
D:1:      wander_arrival_chamber, layout_basic,
          nicolae_ecumenical_snake_handling
D:2:      layout_basic, serial_shops, shop, kennysheep_cluttered_room,
          uniq_robin
D:3:      layout_loops_corners, mainiacjoe_overflow_alcove_4,
          grunt_temple_overflow_open, serial_shops, nicolae_shop_crystal,
          grunt_ministairs_4, minmay_misc_feat_encased, uniq_sigmund,
          uniq_terence
D:4:      layout_basic, portal_sewer_entry_e

Skill      XL: |  1  2  3  4  5 |
---------------+----------------+-----
Maces & Flails | 3 4 5 |  5.3
Dodging        | 3 |  3.5
Fighting       | 3 |  3.6
Throwing       | |  0.1
Stealth        | |  1.3

Action                   |  1- 3 |  4- 6 || total
-------------------------+-------+-------++-------
Melee: Mace              |   147 |   160 ||   307
       Punch             |     2 |     1 ||     3
Throw: Stone             |     2 |     6 ||     8
  Use: Scroll            |       |     3 ||     3
 Stab: Sleeping          |       |     4 ||     4
Armor: Robe              |    41 |    45 ||    86
Dodge: Dodged            |    90 |   102 ||   192
